 Dungeon Crawl Stone Soup version 0.30.1-9-gdf580d7c3d (webtiles) character file.

Game seed: 2806373015249062684

3458 lonewolfV2 the Lightning Rod (level 9, 0/63 HPs)
             Began as a Demonspawn Fighter on Oct 26, 2023.
             Was a Follower of Qazlal.
             Slain by a komodo dragon (32 damage)
             ... on level 8 of the Dungeon.
             The game lasted 00:14:02 (8425 turns).

lonewolfV2 the Lightning Rod (Demonspawn Fighter)   Turns: 8425, Time: 00:14:02

Health: 0/63       AC: 13    Str: 20    XL:     9   Next: 78%
Magic:  16/16      EV: 11    Int: 11    God:    Qazlal [*.....]
Gold:   289        SH:  7    Dex: 15    Spells: 8/8 levels left

rFire   + + +        a - +0 war axe (flame)
rCold   . . .        c - +1 buckler
rNeg    . . .        p - +1 chain mail of Bad Feelings {Harm Rampage rF+++ Dex+3}
rPois   .            (helmet restricted)
rElec   .            (no cloak)
rCorr   +            (no gloves)
SInv    .            (no boots)
Will    .....        l - amulet of faith Stlth
                     y - ring of resist corrosion
HPRegen 0.30/turn    (no ring)
MPRegen 0.15/turn

%: harm (+30% outgoing, +20% incoming), rampage, faith
@: studying Fire Magic
A: horns 1, thin metallic scales 1, demonic magic 1
a: Renounce Religion


You were on level 8 of the Dungeon.
You worshipped Qazlal.
Qazlal was aware of your devotion.
You visited 2 branches of the dungeon, and saw 9 of its levels.

You collected 289 gold pieces.

Inventory:

Hand Weapons
 a - a +0 war axe of flaming (weapon)
Armour
 c - a +1 buckler (worn)
 p - the +1 chain mail of Bad Feelings (worn) {Harm Rampage rF+++ Dex+3}
   (You found it on level 2 of the Dungeon)

   Dex:       It affects your dexterity (+3).
   rF:        It renders you almost immune to fire.
   Harm:      It increases damage dealt and taken.
   Rampage:   It bestows one free step when moving towards enemies.
Jewellery
 l - an amulet of faith (around neck)
 y - a ring of resist corrosion (left hand)
Wands
 e - a wand of roots (14)
 q - a wand of charming (5)
 r - a wand of light (4)
 v - a wand of digging (2)
Scrolls
 g - 2 scrolls of fear
 h - 4 scrolls of teleportation
 m - 3 scrolls of enchant armour
 t - a scroll of identify
 w - 4 scrolls of fog
 x - a scroll of poison
Potions
 b - a potion of resistance
 d - 3 potions of might
 i - a potion of degeneration
 j - 2 potions of mutation
 k - a potion of brilliance
 n - a potion of curing
 o - 2 potions of lignification
 u - 2 potions of haste
 z - a potion of flight
 A - 3 potions of magic


   Skills:
 - Level 3.1 Fighting
 - Level 2.0 Axes
 + Level 7.5 Armour
 + Level 7.6 Dodging
 - Level 2.8 Shields
 - Level 10.2 Invocations


You had 8 spell levels left.
You didn't know any spells.
Your spell library contained the following spells:

 Spells                   Type           Power      Damage    Failure   Level
 Kiss of Death            Conj/Necr      0%         2d5       95%         1
 Slow                     Hex            0%         N/A       95%         1
 Confusing Touch          Hex            0%         N/A       100%        3
 Vampiric Draining        Necr           0%         2d6       100%        3
 Volatile Blastmotes      Fire/Tloc      0%         2d10      100%        3
 Dispel Undead            Necr           0%         3d6       100%        4
 Fulminant Prism          Conj/Hex       0%         3d5       100%        4
 Iskenderun's Mystic Bla  Conj/Tloc      0%         2d3       100%        4
 Summon Lightning Spire   Summ/Air       0%         N/A       100%        4
 Lee's Rapid Deconstruct  Erth           0%         3d4*      100%        5
 Simulacrum               Ice/Necr       0%         N/A       100%        6
 Malign Gateway           Summ/Tloc      0%         N/A       100%        7
 Ozocubu's Refrigeration  Ice            0%         4d7       100%        7
 Storm Form               Tmut/Air       0%         N/A       100%        7
 Maxwell's Capacitive Co  Air            0%         ∞         100%        8
 Summon Horrible Things   Summ           0%         N/A       100%        8
 Polar Vortex             Ice            0%         N/A       100%        9


Dungeon Overview and Level Annotations

Branches:
Dungeon (8/15)             Temple (1/1) D:6            Lair (0/5) D:8

Altars:
Ashenzari
Cheibriados
Dithmenos
Fedhas
Hepliaklqana
Makhleb
Nemelex Xobeh
Okawaru
Qazlal
Sif Muna
Trog
Uskayaw
Vehumet
Yredelemnul


Innate Abilities, Weirdness & Mutations

You have a pair of small horns on your head.
You are partially covered in thin metallic scales. (AC +2)
Spells you cast may paralyse adjacent enemies.


Message History

You hit Joseph but do no damage. Your headbutt misses Joseph.
Joseph is heavily wounded.
Joseph misses you. Joseph hits you with a +0 quarterstaff.
You closely miss Joseph.
Joseph is heavily wounded.
Joseph is engulfed in a thunderstorm.
You kill Joseph!
Qazlal accepts your kill.
Your life force feels restored.
Your Invocations skill increases to level 10!
You start resting.
HP restored.
You start waiting.
Done waiting.
You start waiting.
Done waiting.
Okay, then.
Found a staircase to the Lair.
The komodo dragon hisses angrily.
The komodo dragon bites the plant!
The plant begins to die.
The komodo dragon bites the plant!!
The plant begins to die.
The komodo dragon bites the plant.
The komodo dragon bites the plant!!
The plant begins to die.
A nearby plant withers and dies.
Something bites the plant!!
A komodo dragon is nearby!
A komodo dragon is nearby!
You rampage towards the komodo dragon!
You hit the komodo dragon. You burn the komodo dragon.
The komodo dragon is lightly wounded.
The komodo dragon barely misses you. The komodo dragon bites you!!
Ouch! That really hurt!
You hit the komodo dragon but do no damage.
You headbutt the komodo dragon, but do no damage.
The komodo dragon is lightly wounded.
The komodo dragon completely misses you.
You closely miss the komodo dragon.
The komodo dragon is lightly wounded.
The komodo dragon bites you!!
Ouch! That really hurt!
You die...

###.....### #......<
###...# ##..###..
###.########........
#.......<#........
#...........######
#.................
#..........#######
#l.........)......
#########@........########
....^.............# ...
#########.........# ##.
#.........# #..
#......[..# #.. #.........
#.. #......... #..
###...... ... ###### ....


You could see a komodo dragon.

Vanquished Creatures
  Pikel (D:5)
  A deep elf pyromancer (D:7)
  Joseph (D:8)
  A steam dragon (D:7)
  Menkaure (D:6)
  3 water moccasins
  An orc warrior (D:7)
  A black bear (D:5)
  A sky beast (D:7)
  An ice beast (D:5)
  2 centaurs (D:5)
  2 lemures (D:4)
  A phantom (D:6)
  4 wights (D:8)
  3 jellies
  3 hounds
  3 orc priests
  A sleepcap (D:6)
  Ijyb (D:3)
  Terence (D:3)
  Natasha (thrice) (D:3)
  4 iguanas
  4 orc wizards
  Robin (D:2)
  7 gnolls
  10 adders
  A shadow imp (D:6)
  A white imp (D:6)
  An ufetubus (D:5)
  A worm (D:3)
  5 dart slugs
  14 orcs
  14 ball pythons
  8 endoplasms
  3 giant cockroaches
  22 goblins
  14 hobgoblins
  7 jackals
  12 kobolds
  2 quokkas
  3 bats
  A frilled lizard (D:1)
  4 rats
175 creatures vanquished.

Notes
Turn   | Place    | Note
-------+----------+-------------------------------------------
     0 | D:1      | lonewolfV2 the Demonspawn Fighter began the quest for the
                  | Orb.
     0 | D:1      | Reached XP level 1. HP: 18/18 MP: 1/1
   232 | D:1      | Gained mutation: You are partially covered in thin metallic
                  | scales. (AC +2) [demonic ancestry]
   232 | D:1      | Reached XP level 2. HP: 18/24 MP: 2/2
   385 | D:1      | Reached skill level 1 in Invocations
   553 | D:1      | Found a faded altar of an unknown god.
  1037 | D:1      | Reached skill level 1 in Dodging
  1040 | D:1      | Reached XP level 3. HP: 15/29 MP: 4/4
  1140 | D:1      | Prayed at the altar of an unknown god.
  1140 | D:1      | Became a worshipper of Vehumet
  1140 | D:1      | Reached * piety under Vehumet
  1140 | D:1      | Offered knowledge of Freeze by Vehumet.
  1142 | D:1      | Fell from the grace of Vehumet
  1335 | D:2      | Reached skill level 2 in Invocations
  1506 | D:2      | Noticed Robin
  1515 | D:2      | Killed Robin
  1524 | D:2      | Gained mutation: Spells you cast may paralyse adjacent
                  | enemies. [demonic ancestry]
  1524 | D:2      | Reached XP level 4. HP: 14/35 MP: 5/5
  1674 | D:2      | Reached skill level 3 in Invocations
  1935 | D:2      | Reached XP level 5. HP: 41/41 MP: 7/7
  1959 | D:2      | Identified the +1 chain mail of Bad Feelings {Harm Rampage
                  | rF+++ Dex+3}
  2433 | D:3      | Noticed Terence
  2440 | D:3      | Killed Terence
  2657 | D:3      | Noticed Ijyb
  2665 | D:3      | Killed Ijyb
  2691 | D:3      | Noticed Natasha
  2698 | D:3      | Reached skill level 4 in Invocations
  2706 | D:3      | Killed Natasha
  2720 | D:3      | Gained mutation: You have a pair of small horns on your
                  | head. [demonic ancestry]
  2720 | D:3      | Reached XP level 6. HP: 36/47 MP: 9/9
  3033 | D:3      | Noticed Natasha
  3040 | D:3      | Killed Natasha
  3049 | D:3      | Noticed Natasha
  3053 | D:3      | Killed Natasha
  3103 | D:4      | Noticed a +0 hand axe
  3104 | D:4      | Noticed a +0 hand axe
  3159 | D:4      | Found a hide-covered altar of Uskayaw.
  3238 | D:4      | Found a burning altar of Makhleb.
  3469 | D:5      | Entered Level 5 of the Dungeon
  3798 | D:5      | Reached skill level 5 in Invocations
  3798 | D:5      | Reached XP level 7. HP: 48/52 MP: 10/10
  3826 | D:5      | Noticed Pikel
  3837 | D:5      | Killed Pikel
  3838 | D:5      | Reached skill level 5 in Armour
  3838 | D:5      | Reached skill level 5 in Dodging
  3838 | D:5      | Reached skill level 6 in Invocations
  3838 | D:5      | Reached XP level 8. HP: 19/58 MP: 10/12
  4078 | D:5      | Identified the +6 dagger of Utyqulog {spect, rC+ Stlth+}
  4298 | D:5      | Reached skill level 7 in Invocations
  5009 | D:6      | Found a staircase to the Ecumenical Temple.
  5057 | Temple   | Entered the Ecumenical Temple
  5113 | Temple   | Was forgiven by Vehumet
  5344 | Temple   | Became a worshipper of Qazlal Stormbringer
  5402 | D:6      | Noticed Menkaure
  5406 | D:6      | Killed Menkaure
  5407 | D:6      | Reached skill level 8 in Invocations
  5902 | D:7      | Reached XP level 9. HP: 57/63 MP: 15/15
  6121 | D:7      | Noticed a deep elf pyromancer
  6190 | D:7      | Killed a deep elf pyromancer
  6191 | D:7      | Reached skill level 9 in Invocations
  7291 | D:8      | Reached * piety under Qazlal
  8041 | D:8      | Noticed Joseph
  8056 | D:8      | Killed Joseph
  8057 | D:8      | Reached skill level 10 in Invocations
  8402 | D:8      | Found a staircase to the Lair.
  8403 | D:8      | Noticed a komodo dragon
  8425 | D:8      | Slain by a komodo dragon

Illustrated notes

Levels and vault maps discovered:
D:1:      ncdulo_lavacross, layout_basic, dilly_ecumenical_altar_fadedgnrine,
          minmay_misc_feat_doors
D:2:      layout_loops_ring, minmay_snake_closets, uniq_robin
D:3:      layout_loops_ring, serial_glass, glass_columns_c, glass_columns_a,
          uniq_terence, uniq_ijyb, uniq_natasha
D:4:      layout_rooms, dancing_weapons_uskayaw, lightli_temple_of_fire
D:5:      layout_cave_pools, minmay_manual_mares, uniq_pikel
D:6:      layout_loops_ring, minmay_temple_entry_tees, uniq_menkaure
D:7:      layout_basic, enter_bailey_6
D:8:      layout_basic, david_lair_shrubbed, uniq_joseph
Temple:   mainiacjoe_temple_big_plus

Skill      XL: |  1  2  3  4  5  6  7  8  9 |
---------------+----------------------------+-----
Axes           | 2 |  2.0
Invocations    | 1 2 3 4 5 6 8 10 | 10.2
Dodging        | 1 2 3 4 5 6 7 |  7.6
Armour         | 3 4 5 6 7 |  7.5
Fighting       | |  3.1
Shields        | |  2.8

Action                     |  1- 3 |  4- 6 |  7- 9 || total
---------------------------+-------+-------+-------++-------
  Melee: War axe           |   103 |   252 |   222 ||   577
         Headbutt          |       |    14 |    35 ||    49
 Invoke: Renounce Religion |     1 |       |       ||     1
  Evoke: Wand              |       |       |     7 ||     7
    Use: Scroll            |       |    12 |    10 ||    22
         Potion            |       |     2 |     3 ||     5
 Armour: Scale mail        |    49 |    53 |       ||   102
         Chain mail        |       |   116 |   143 ||   259
  Dodge: Dodged            |    39 |   153 |   125 ||   317
  Block: Buckler           |    21 |    86 |    72 ||   179
